 Dungeon Crawl Stone Soup version 0.19-a0-1789-ga32af4e (webtiles) character file.

3811 JeffiDaFish the Covert (level 9, -8/66 HPs)
             Began as a Vampire Enchanter on Oct 3, 2016.
             Was a Follower of Yredelemnul.
             Mangled by a rakshasa
             ... wielding a +0 trident
              (16 damage)
             ... on level 8 of the Dungeon.
             The game lasted 00:57:45 (11714 turns).

JeffiDaFish the Covert (Vampire Enchanter)         Turns: 11714, Time: 00:57:46

Health: -8/66      AC:  0    Str:  8    XL:     9   Next: 96%
Magic:  0/19       EV: 26    Int: 19    God:    Yredelemnul [*.....]
Gold:   501        SH:  0    Dex: 20    Spells: 4 memorised, 13 levels left

rFire  . . .     SeeInvis +     (weapon currently unavailable)
rCold  . . .     Gourm    .     (armour currently unavailable)
rNeg   + . .     Faith    .     (shield currently unavailable)
rPois  .         Spirit   +     (helmet currently unavailable)
rElec  .         Dismiss  .     (cloak currently unavailable)
rCorr  .         Reflect  .     (gloves currently unavailable)
MR     .....     Harm     .     (boots currently unavailable)
Stlth  ++++++....               t - amulet of guardian spirit
                                (ring currently unavailable)
                                (ring currently unavailable)

@: bat-form, flying, very quick
A: fangs 3, see invisible, (unbreathing)
a: End Transformation, Animate Remains, Renounce Religion


You were on level 8 of the Dungeon.
You worshipped Yredelemnul.
Yredelemnul was aware of your devotion.
You were not thirsty.
You were in vampire-bat-form.
You visited 2 branches of the dungeon, and saw 9 of its levels.

You collected 501 gold pieces.

Inventory:

Hand Weapons
 a - a +1 dagger
 g - a +3 dagger of venom (melded)
Armour
 b - a +1 robe (melded)
Magical Staves
 A - an uncursed staff of wizardry
Rods
 B - a -3 lightning rod (9/9)
   (You found it on level 8 of the Dungeon)
Jewellery
 d - the ring of Robustness (melded) {AC+8}
   (You found it on level 7 of the Dungeon)

   [ring of protection]

   It affects your AC (+8).
 i - an uncursed ring of protection from cold
 k - a ring of poison resistance (melded)
 m - an uncursed ring of positive energy
 t - an amulet of guardian spirit (around neck)
Wands
 n - a wand of confusion (13/48)
 r - a wand of acid (12/15)
 v - a wand of heal wounds (5/9)
Scrolls
 e - 4 scrolls of remove curse
 l - 2 scrolls of identify
 p - 2 scrolls of teleportation
 q - 3 scrolls of random uselessness
 w - a scroll of fear
 C - a scroll of immolation {unknown}
 D - a scroll of summoning {unknown}
Potions
 f - 2 potions of brilliance
 h - 3 potions of curing
 j - a potion of magic
 o - 3 potions of berserk rage
 s - 3 potions of might
 u - a potion of cancellation
 x - 4 potions of blood
 z - a potion of heal wounds
Books
 c - a book of Maledictions

   Spells                             Type                      Level
   a - Corona                         Hexes                        1
   b - Ensorcelled Hibernation        Hexes/Ice                    2
   c - Confuse                        Hexes                        3
   d - Tukima's Dance                 Hexes                        3
   e - Dazzling Spray                 Conjuration/Hexes            3
 y - a book of Battle

   Spells                             Type                      Level
   a - Infusion                       Charms                       1
   b - Shroud of Golubria             Charms/Translocation         2
   c - Song of Slaying                Charms                       2
   d - Spectral Weapon                Hexes/Charms                 3
   e - Regeneration                   Charms/Necromancy            3


   Skills:
 + Level 4.5 Fighting
 + Level 5.9 Short Blades
 + Level 6.5 Dodging
 + Level 10.1 Stealth
 * Level 7.0 Spellcasting
 + Level 8.8 Hexes


You had 13 spell levels left.
You knew the following spells:

 Your Spells              Type           Power        Failure   Level  Hunger
a - Corona                Hex            #####..      1%          1    None
b - Ensorcelled Hibernat  Hex/Ice        ###...       2%          2    None
c - Confuse               Hex            #####...     1%          3    #......
d - Dazzling Spray        Conj/Hex       ###...       6%          3    #......


Dungeon Overview and Level Annotations

Branches:
Dungeon (8/15)             Temple (1/1) D:5
   Lair: D:8-11

Altars:
Ashenzari
Cheibriados
Dithmenos
Elyvilon
Fedhas
Gozag
Hepliaklqana
Kikubaaqudgha
Makhleb
Nemelex Xobeh
Okawaru
Qazlal
Ru
Sif Muna
Trog
Vehumet
Xom
Yredelemnul
Zin
The Shining One


Innate Abilities, Weirdness & Mutations

You have razor-sharp teeth.
You have supernaturally acute eyesight. (SInv)
((You can survive without breathing.))


Message History

You bite the rakshasa, but do no damage.
The rakshasa is lightly wounded.
The centaur shoots an arrow.
The arrow misses you.
The centaur shoots an arrow.
The arrow hits you!
The arrow shimmers and vanishes!
You miss the rakshasa.
The rakshasa is lightly wounded.
The centaur shoots an arrow.
The arrow misses you.
The centaur shoots an arrow.
The arrow hits you!
The arrow shimmers and vanishes!
The rakshasa hits you with a trident!
You turn into a vampire bat.
Your +3 dagger of venom melds into your body.
Your +1 robe melds into your body.
The ring of Robustness {AC+8} melds into your body.
Your ring of poison resistance melds into your body.
Your +3 dagger of venom stops dripping with poison.
The centaur shoots an arrow.
The arrow hits you!
* * * LOW HITPOINT WARNING * * *
The rakshasa hits you with a trident!!
You die...
Yredelemnul claims you as an undead slave.

......#.##.#.##.#
#..##...##.#.##.#
#.c..#...........
#c.. .#.####.#...
#.. #.###....#
#.#.....#.###...#
#.#.≈≈≈.#.###...#
##.#≈...≈#..#.....
#b.#≈._.≈#..###.#.
#(R#≈...≈#........
###..#.≈≈≈.#........
#....#.....#........
+.....#...#.......#.
#......#.#.#.[....#.
#.......#.#######.#.
#........## #.#.
#.......## #.##


You could see a rakshasa and 2 centaurs.

Vanquished Creatures
  Pikel (D:4)
  Joseph (D:6)
  A hungry ghost (D:8)
  An orc warrior (D:7)
  3 slaves (D:4)
  A hornet zombie (D:8)
  2 sky beasts
  4 ogres
  3 phantoms
  A centaur (D:6)
  Blork the orc (D:4)
  2 bullfrogs (D:6)
  A water moccasin zombie (D:5)
  4 wights (D:6)
  7 killer bees (D:8)
  3 howler monkeys (D:8)
  4 crimson imps
  A bullfrog zombie (D:7)
  The ghost of tabstorm the Ruffian, a weakling VSWr (D:4)
  3 hounds
  A jelly (D:5)
  2 orc priests (D:3)
  A bullfrog skeleton (D:6)
  2 iguanas
  5 orc wizards
  Natasha (thrice) (D:4)
  4 worker ants
  A hound skeleton (D:4)
  A howler monkey zombie (D:8)
  2 howler monkey skeletons
  7 adders
  8 gnolls
  A shadow imp (D:5)
  An ooze (D:3)
  An adder zombie (D:6)
  3 worms (D:2)
  A dart slug (D:1)
  4 leopard geckos
  28 orcs
  A ball python (D:3)
  2 giant cockroaches (D:2)
  A gnoll zombie (D:8)
  4 goblins
  5 hobgoblins
  10 jackals
  5 quokkas
  9 bats
  6 frilled lizards
  A jackal zombie (D:8)
  12 kobolds
  A leopard gecko skeleton (D:6)
  5 rats
183 creatures vanquished.

Vanquished Creatures (collateral kills)
  An orc (D:8)
1 creature vanquished.

Vanquished Creatures (others)
  A slave (D:4)
  A killer bee zombie (D:8)
  An adder (D:4)
  A white imp (D:4)
  An adder zombie (D:8)
  3 jackals (D:4)
  A jackal skeleton (D:4)
9 creatures vanquished.

Grand Total: 193 creatures vanquished

Notes
Turn   | Place    | Note
-------+----------+-------------------------------------------
     0 | D:1      | JeffiDaFish the Vampire Enchanter began the quest for the Orb.
     0 | D:1      | Reached XP level 1. HP: 13/13 MP: 3/3
    51 | D:1      | Found a shimmering altar of Xom.
   399 | D:1      | Reached XP level 2. HP: 19/19 MP: 5/5
   811 | D:2      | Reached skill level 5 in Stealth
   901 | D:2      | Reached XP level 3. HP: 19/24 MP: 6/6
   947 | D:2      | Reached skill level 5 in Hexes
   954 | D:2      | Learned a level 2 spell: Ensorcelled Hibernation
   958 | D:2      | Learned a level 3 spell: Confuse
  1100 | D:2      | Found a white marble altar of Elyvilon.
  1214 | D:2      | Found a basalt altar of Yredelemnul.
  1504 | D:3      | Reached skill level 6 in Stealth
  1794 | D:3      | Reached XP level 4. HP: 29/30 MP: 7/7
  2312 | D:3      | Reached XP level 5. HP: 32/36 MP: 3/8
  2643 | D:3      | Reached skill level 1 in Fighting
  2861 | D:4      | Noticed an ogre
  2864 | D:4      | Killed an ogre
  2864 | D:4      | Reached XP level 6. HP: 43/43 MP: 10/10
  2868 | D:4      | Noticed Natasha
  2881 | D:4      | Killed Natasha
  2948 | D:4      | Noticed tabstorm's ghost (weakling VSWr)
  2958 | D:4      | Killed tabstorm's ghost
  3217 | D:4      | Noticed a slave
  3223 | D:4      | Noticed a slave
  3224 | D:4      | Noticed Pikel
  3247 | D:4      | Killed a slave
  3374 | D:4      | Noticed a slave
  3382 | D:4      | Killed a slave
  3400 | D:4      | Noticed a slave
  3494 | D:4      | Killed a slave
  3533 | D:4      | Killed Pikel
  3533 | D:4      | Reached skill level 7 in Stealth
  3533 | D:4      | Reached XP level 7. HP: 13/50 MP: 4/13
  4117 | D:4      | Noticed Natasha
  4124 | D:4      | Killed Natasha
  4544 | D:4      | Noticed Blork the orc
  4546 | D:4      | Killed Blork the orc
  4546 | D:4      | Reached XP level 8. HP: 57/57 MP: 14/14
  4728 | D:4      | Reached skill level 8 in Stealth
  4818 | D:4      | Noticed Natasha
  4832 | D:4      | Killed Natasha
  4958 | D:5      | Entered Level 5 of the Dungeon
  5624 | D:5      | Found a staircase to the Ecumenical Temple.
  5632 | Temple   | Entered the Ecumenical Temple
  6473 | D:2      | Became a worshipper of Yredelemnul the Dark
  6546 | D:2      | Reached skill level 5 in Spellcasting
  6820 | D:5      | Learned a level 3 spell: Dazzling Spray
  7499 | D:6      | Reached skill level 5 in Dodging
  8278 | D:6      | Reached XP level 9. HP: 64/64 MP: 12/17
  8311 | D:6      | Reached skill level 5 in Short Blades
  8405 | D:6      | Reached skill level 9 in Stealth
  8480 | D:6      | Reached * piety under Yredelemnul
  9376 | D:7      | Noticed Joseph
  9756 | D:6      | Killed Joseph
 10398 | D:7      | Found a snail-covered altar of Cheibriados.
 10507 | D:7      | Got a faintly glowing robe
 10510 | D:7      | Identified the cursed +1 robe of Inquiry {rCorr} (You found it on level 7 of the Dungeon)
 10971 | D:8      | Reached skill level 10 in Stealth
 11105 | D:8      | Found a shadowy altar of Dithmenos.
 11212 | D:8      | Found a deep blue altar of Sif Muna.
 11234 | D:8      | Found a deep blue altar of Sif Muna.
 11676 | D:8      | Found a sacrificial altar of Ru.
 11695 | D:8      | Noticed a rakshasa
 11714 | D:8      | Mangled by a rakshasa

Vault maps used:
D:1:      dpeg_arrival_rooms_a, xom_teletrap_fun
D:2:      kennysheep_ying_yang
D:3:      kennysheep_generic_room_15
D:4:      minmay_misc_feat_x, minivault_24, minmay_fire_ice_demons,
          uniq_blork_the_orc, uniq_natasha, uniq_pikel
D:5:      first_bread, cheibrodos_gnoll_hut
D:7:      nicolae_overflow_crystal_walls, uniq_joseph
D:8:      nicolae_ru_awakened_eye, lemuel_round_altar, old_standard_altar,
          eat_drink_and_be_merry_uskayaw, basic_altar
Temple:   nicolae_temple_figure_eight

Skill      XL: |  1  2  3  4  5  6  7  8  9 |
---------------+----------------------------+-----
Stealth        | 5 6 7 8 10 | 10.1
Hexes          | 5 6 7 8 |  8.8
Dodging        | 3 4 5 6 |  6.5
Short Blades   | 2 3 4 5 |  5.9
Fighting       | 1 2 3 4 |  4.5
Spellcasting   | 3 4 5 7 |  7.0

Action                   |  1- 3 |  4- 6 |  7- 9 || total
-------------------------+-------+-------+-------++-------
Melee: Dagger            |    82 |   129 |   390 ||   601
       Bite              |     4 |    10 |    36 ||    50
 Cast: Ensorcelled Hiber |     4 |    12 |    24 ||    40
       Confuse           |       |    11 |    49 ||    60
       Dazzling Spray    |       |       |     5 ||     5
Invok: Animate Remains   |       |       |     4 ||     4
 Abil: Bat Form          |       |       |     2 ||     2
       End Transformatio |       |       |     1 ||     1
Evoke: Wand              |       |       |     2 ||     2
  Use: Potion            |     9 |     8 |    31 ||    48
       Scroll            |     4 |     2 |     7 ||    13
 Stab: Sleeping          |    20 |     9 |    21 ||    50
       Distracted        |     1 |       |     2 ||     3
       Confused          |       |     2 |    20 ||    22
Armor: Robe              |    14 |    13 |    38 ||    65
       Skin              |       |       |    21 ||    21
Dodge: Dodged            |    68 |    62 |   182 ||   312
